 Dungeon Crawl Stone Soup version 0.23.2-1-ga50397a (webtiles) character file.

Game seed: 17843005382635357607

10588 Borgoz the Carver (level 11, -5/97 HPs)
             Began as a Minotaur Monk on May 25, 2019.
             Was an Elder of Okawaru.
             Slain by an entropy weaver (10 damage)
             ... on level 10 of the Dungeon.
             The game lasted 00:26:57 (11350 turns).

Borgoz the Carver (Minotaur Monk)                  Turns: 11350, Time: 00:26:58

Health: -5/97      AC:  6    Str: 23    XL:     11   Next: 38%
Magic:  0/11       EV: 13    Int:  7    God:    Okawaru [****..]
Gold:   679        SH:  0    Dex: 14    Spells: 6/12 levels left

rFire    . . .     SeeInvis .   a - +4 scimitar (flame)
rCold    . . .     Gourm    +   (no shield)
rNeg     . . .     Faith    .   t - +0 plate armour
rPois    .         Spirit   +   (helmet restricted)
rElec    .         Reflect  .   x - scarf {Spirit}
rCorr    .         Harm     .   (no gloves)
MR       .....                  (no boots)
Stlth    ..........             u - amulet of the gourmand
HPRegen  0.26/turn              E - +1 ring of evasion
MPRegen  0.12/turn              i - +5 ring of strength

@: confused, about to teleport, corroded
A: retaliatory headbutt, horns 2
a: Heroism, Renounce Religion


You were on level 10 of the Dungeon.
You worshipped Okawaru.
Okawaru was greatly pleased with you.
You were very full.

You visited 2 branches of the dungeon, and saw 12 of its levels.
You also visited: Sewer and Bailey.

You collected 679 gold pieces.

Inventory:

Hand Weapons
 a - a +4 scimitar of flaming (weapon)
 b - the +7 rapier of Xawn {pierce, rN+ Dex+3}
   (You found it on level 8 of the Dungeon)

   It inflicts extra damage upon your enemies.
   It affects your dexterity (+3).
   It protects you from negative energy.
 G - a +3 dagger of draining
 H - a +4 scimitar of holy wrath
Missiles
 D - 2 throwing nets (quivered)
Armour
 t - a +0 plate armour (worn)
 x - a scarf of spirit shield (worn)
Jewellery
 i - a +5 ring of strength (right hand)
 u - an amulet of the gourmand (around neck)
 v - an uncursed ring of fire
 w - an uncursed ring of flight
 z - a +2 ring of intelligence
 E - a +1 ring of evasion (left hand)
Wands
 m - a wand of acid (7)
 o - a wand of clouds (8)
 B - a wand of polymorph (9)
 F - a wand of digging (5)
 K - a wand of paralysis (11)
 L - a wand of disintegration (8)
 M - a wand of random effects (14)
Scrolls
 e - 4 scrolls of immolation
 f - 2 scrolls of silence
 h - 7 scrolls of teleportation
 j - 2 scrolls of amnesia
 k - 3 scrolls of remove curse
 l - a scroll of fog
 p - 2 scrolls of fear
 r - 4 scrolls of enchant armour
 y - 4 scrolls of identify
 O - a scroll of enchant weapon
Potions
 g - 2 potions of magic
 q - a potion of haste
 s - 3 potions of curing
 A - a potion of might
 J - a potion of mutation
 N - a potion of agility
Comestibles
 c - 22 rations


   Skills:
 * Level 9.1 Fighting
 * Level 11.5 Long Blades
 * Level 9.3 Armour
 * Level 9.9 Dodging
 - Level 5.7 Stealth
 + Level 1.1 Spellcasting
 + Level 1.2 Hexes
 + Level 2.2 Invocations
 + Level 1.8 Evocations


You had 6 spell levels left.
You knew the following spells:

 Your Spells              Type           Power        Failure   Level  Hunger
a - Confusing Touch       Hex            #.....       97%         1    ##.....
b - Blink                 Tloc           N/A          100%        2    ###....
c - Mephitic Cloud        Conj/Pois/Air  #.......     100%        3    ####...

Your spell library contained the following spells:

 Spells                   Type           Power        Failure   Level  Hunger
 Animate Skeleton         Necr           N/A          99%         1    ##.....
 Apportation              Tloc           #.....       99%         1    ##.....
 Beastly Appendage        Tmut           #.....       99%         1    ##.....
 Magic Dart               Conj           #...         99%         1    ##.....
 Summon Small Mammal      Summ           #...         99%         1    ##.....
 Slow                     Hex            #.......     99%         2    ###....
 Call Imp                 Summ           #.......     100%        2    ###....
 Sticks to Snakes         Tmut           #.......     100%        2    ###....
 Conjure Flame            Conj/Fire      #.......     100%        3    ####...
 Spider Form              Tmut/Pois      #.........   100%        3    ####...
 Ice Form                 Ice/Tmut       #.......     100%        4    #####..
 Blade Hands              Tmut           #.........   100%        5    ######.
 Irradiate                Conj/Tmut      #.........   100%        5    ######.
 Hydra Form               Tmut           #.........   100%        6    #######
 Statue Form              Tmut/Erth      #........    100%        6    #######
 Dragon Form              Tmut           #.........   100%        7    #######


Dungeon Overview and Level Annotations

Branches:
Dungeon (11/15)            Temple (1/1) D:7            Lair (0/6) D:10
    Orc: D:9-12

Altars:
Ashenzari
Cheibriados
Dithmenos
Elyvilon
Fedhas
Gozag
Hepliaklqana
Kikubaaqudgha
Makhleb
Nemelex Xobeh
Okawaru
Qazlal
Ru
Sif Muna
Trog
Uskayaw
Vehumet
Wu Jian
Xom
Yredelemnul
Zin
The Shining One

Shops:
D:6 =   D:7 *

Annotations:
D:10 1 runed translucent door, Tiareth's ghost, journeyman DEWz


Innate Abilities, Weirdness & Mutations

You reflexively headbutt those who attack you in melee.
You have a pair of horns on your head.


Message History

Your headbutt misses the entropy weaver.
The entropy weaver is almost dead.
The entropy weaver casts a spell.
The entropic weave corrodes you!
Your plate armour prevents you from hitting the entropy weaver.
Your headbutt misses the entropy weaver.
The entropy weaver is almost dead.
The entropy weaver closely misses you. The entropy weaver hits you.
* * * LOW HITPOINT WARNING * * *
The entropy weaver hits you!
* * * LOW HITPOINT WARNING * * *
The entropy weaver hits you.
* * * LOW HITPOINT WARNING * * *
You are confused.
You feel invigorated. The entropy weaver hits you!
* * * LOW HITPOINT WARNING * * *
The entropy weaver hits you.
* * * LOW HITPOINT WARNING * * *
The entropy weaver hits you!
You die...

#.......(..........# #.
#.#######..........####.
#.# #............... #.#
#......(........ #.#
#..........##### #.#
#..........# # #.#
#..........# # #.#
###########...# # #.#
#.@.......'...# # #.#
#a#########.).# # #.# #t
#...# # #.# #. #...# #
#.# #. ##..# # #.# #t
#..# # #.# #[ #..# # #.#
#. #..# # #.# #..# #


You could see an entropy weaver and 2 fire crabs.

Vanquished Creatures
  Erica (D:9)
  A fire crab (D:10)
  Pikel (D:6)
  3 orc knights (Bailey)
  A komodo dragon (D:10)
  A troll (D:9)
  A hippogriff (D:9)
  8 yaks (D:10)
  A wyvern (D:10)
  A hungry ghost (D:10)
  3 wargs (D:10)
  Purgy (Sewer)
  4 slaves (D:6)
  6 orc warriors
  4 sky beasts
  2 ice beasts (D:10)
  3 black bears
  2 phantoms
  5 ogres
  2 centaurs
  3 bullfrogs
  A gnoll sergeant (D:7)
  A wyvern zombie (D:7)
  6 killer bees (D:9)
  A scorpion (D:6)
  An electric eel (D:8)
  A bullfrog zombie (D:6)
  2 centaur zombies
  2 jellies
  6 crimson imps
  A centaur skeleton (D:4)
  11 hounds
  8 orc priests
  Ijyb (D:4)
  Terence (D:3)
  Natasha (twice) (D:2)
  5 iguanas
  18 orc wizards
  5 worker ants
  A killer bee zombie (D:6)
  2 hound skeletons
  2 worker ant zombies
  A howler monkey zombie (D:5)
  6 gnolls
  A howler monkey skeleton (D:7)
  12 adders
  A river rat (D:3)
  2 shadow imps
  3 oozes
  3 adder skeletons
  2 worms (D:3)
  2 leopard geckos
  49 orcs
  3 ball pythons
  8 giant cockroaches
  13 goblins
  7 hobgoblins
  3 jackals (D:3)
  16 kobolds
  7 quokkas
  10 bats
  9 frilled lizards
  A quokka skeleton (D:8)
  A quokka zombie (D:5)
  11 rats
303 creatures vanquished.

Notes
Turn   | Place    | Note
-------+----------+-------------------------------------------
     0 | D:1      | Borgoz the Minotaur Monk began the quest for the Orb.
     0 | D:1      | Reached XP level 1. HP: 19/19 MP: 0/0
   113 | D:1      | Reached skill level 1 in Armour
   113 | D:1      | Reached XP level 2. HP: 26/27 MP: 1/1
   181 | D:1      | Reached skill level 4 in Long Blades
   945 | D:2      | Reached XP level 3. HP: 29/33 MP: 2/2
  1062 | D:2      | Noticed Natasha
  1068 | D:2      | Killed Natasha
  1071 | D:2      | Reached XP level 4. HP: 21/40 MP: 3/3
  1720 | D:2      | Noticed Natasha
  1732 | D:2      | Killed Natasha
  1907 | D:3      | Reached skill level 5 in Long Blades
  1907 | D:3      | Reached XP level 5. HP: 17/46 MP: 4/4
  2151 | D:3      | Found a glowing drain.
  2175 | Sewer    | Entered a sewer
  2404 | Sewer    | Noticed Purgy
  2413 | Sewer    | Killed Purgy
  2413 | Sewer    | Reached XP level 6. HP: 49/53 MP: 5/5
  2701 | D:3      | Noticed Terence
  2722 | D:3      | Killed Terence
  3160 | D:4      | Noticed Ijyb
  3165 | D:4      | Killed Ijyb
  3286 | D:4      | Found a burning altar of Makhleb.
  3293 | D:4      | Reached skill level 6 in Long Blades
  3375 | D:4      | Reached XP level 7. HP: 53/60 MP: 6/6
  3552 | D:5      | Entered Level 5 of the Dungeon
  3641 | D:5      | Reached skill level 5 in Fighting
  3903 | D:5      | Reached skill level 5 in Armour
  4451 | D:5      | Found a radiant altar of Vehumet.
  4506 | D:5      | Reached skill level 7 in Long Blades
  4559 | D:5      | Reached skill level 5 in Dodging
  4559 | D:5      | Reached XP level 8. HP: 69/69 MP: 7/7
  4921 | D:6      | Found Ymoisyme's Jewellery Boutique.
  5118 | D:6      | Found an ornate altar of the Wu Jian Council.
  5205 | D:7      | Found a flagged portal.
  5306 | Bailey   | Entered a bailey
  5445 | Bailey   | Noticed an orc knight
  5468 | Bailey   | Noticed an orc knight
  5471 | Bailey   | Noticed an orc knight
  5927 | Bailey   | Killed an orc knight
  5927 | Bailey   | Reached skill level 8 in Long Blades
  5927 | Bailey   | Reached XP level 9. HP: 78/78 MP: 6/8
  6214 | Bailey   | Killed an orc knight
  6214 | Bailey   | Killed an orc knight
  6214 | Bailey   | Reached skill level 9 in Long Blades
  6528 | D:7      | Found a deep blue altar of Sif Muna.
  6576 | D:7      | Found Fabre's General Store.
  6624 | D:7      | Found an ancient bone altar of Kikubaaqudgha.
  6686 | D:7      | Reached skill level 5 in Stealth
  6751 | D:7      | Found a staircase to the Ecumenical Temple.
  6885 | D:7      | Found a blossoming altar of Fedhas.
  7100 | D:7      | Found a stormy altar of Qazlal.
  7541 | D:6      | Found a glowing golden altar of the Shining One.
  7547 | D:6      | Reached XP level 10. HP: 86/86 MP: 9/9
  7623 | D:6      | Noticed Pikel
  7650 | D:6      | Killed Pikel
  7650 | D:6      | Reached skill level 10 in Long Blades
  8556 | D:8      | Got a translucent rapier
  8634 | Temple   | Entered the Ecumenical Temple
  8651 | Temple   | Became a worshipper of Warmaster Okawaru
  8651 | Temple   | Reached * piety under Okawaru
  8651 | Temple   | Reached ** piety under Okawaru
  8768 | Temple   | Identified the +7 rapier of Xawn {pierce, rN+ Dex+3} (You
                  | found it on level 8 of the Dungeon)
  9182 | D:9      | Learned a level 1 spell: Confusing Touch
  9185 | D:9      | Learned a level 2 spell: Blink
  9189 | D:9      | Learned a level 3 spell: Mephitic Cloud
  9199 | D:9      | Noticed Erica
  9205 | D:9      | Killed Erica
  9205 | D:9      | Reached *** piety under Okawaru
  9274 | D:9      | Reached skill level 11 in Long Blades
  9445 | D:9      | Reached skill level 1 in Invocations
  9623 | D:10     | Entered Level 10 of the Dungeon
  9706 | D:10     | Reached skill level 1 in Evocations
  9710 | D:10     | Reached XP level 11. HP: 74/95 MP: 10/10
  9713 | D:10     | Reached **** piety under Okawaru
  9732 | D:10     | Found a runed translucent door.
  9748 | D:10     | Noticed a fire crab
  9814 | D:10     | Found a staircase to the Lair.
  9833 | D:10     | Reached skill level 1 in Hexes
  9941 | D:10     | Found a runed translucent door.
  9944 | D:10     | Noticed Tiareth's ghost (journeyman DEWz)
  9968 | D:10     | Received a gift from Okawaru
 10294 | D:10     | Reached skill level 1 in Spellcasting
 10797 | D:10     | Killed a fire crab
 10996 | D:10     | Noticed a fire crab
 10996 | D:10     | Noticed an entropy weaver
 10998 | D:10     | Noticed a fire crab
 11350 | D:10     | Slain by an entropy weaver

Skill      XL: |  1  2  3  4  5  6  7  8  9 10 11 |
---------------+----------------------------------+-----
Armour         | 1 2 3 4 5 6 7 8 9 |  9.3
Long Blades    | 4 5 6 7 8 9 11 | 11.5
Fighting       | 4 5 6 7 8 9 |  9.1
Stealth        | 2 3 4 5 |  5.7
Dodging        | 4 5 6 8 9 |  9.9
Invocations    | 1 2 |  2.2
Evocations     | 1 |  1.8
Hexes          | 1 |  1.2
Spellcasting   | 1 |  1.1

Action                   |  1- 3 |  4- 6 |  7- 9 | 10-12 || total
-------------------------+-------+-------+-------+-------++-------
Melee: Falchion          |     4 |       |       |       ||     4
       Headbutt          |     5 |    22 |    64 |    74 ||   165
       Dagger            |    23 |   154 |   237 |       ||   414
       Scimitar          |       |       |    53 |   144 ||   197
       Rapier            |       |       |       |   170 ||   170
       Punch             |       |       |       |     1 ||     1
Throw: Tomahawk          |       |       |    26 |       ||    26
Invok: Heroism           |       |       |       |     1 ||     1
 Abil: Evoke Flight      |       |       |     6 |       ||     6
Evoke: Wand              |       |       |    28 |       ||    28
  Use: Scroll            |       |     2 |    13 |     8 ||    23
       Potion            |       |     5 |     8 |     1 ||    14
 Stab: Sleeping          |     2 |     7 |       |       ||     9
       Paralysed         |       |       |     4 |       ||     4
  Eat: Chunk             |       |    29 |    15 |    13 ||    57
Armor: Robe              |     2 |    18 |       |       ||    20
       Scale mail        |       |     7 |    81 |       ||    88
       Plate armour      |       |       |    12 |   127 ||   139
Dodge: Dodged            |    19 |   125 |   222 |   187 ||   553
       Rpst.: Scimitar   |       |       |     7 |    16 ||    23
